[ AOE2 MATCH · #485064331 ]
UnrankedFranks vs Bengalis
[ REPLAY ANALYSIS · EXTRACTED FROM THE RECORDED GAME ]
Feudal
11:06
Castle
—
Imperial
—
| APM avg | 68.4 |
| APM peak | 135 |
| eAPM avg | 25.1 |
| Villagers / military | 33 / 6 |
Focus
⚔️ 44.9% · 🌾 55.1%
Unknown (2626) ×7 · Fishing Ship ×5 · Scout Cavalry ×5 · Galley ×1
Feudal
12:48
Castle
—
Imperial
—
| APM avg | 23.4 |
| APM peak | 55 |
| eAPM avg | 11.4 |
| Villagers / military | 28 / 0 |
Focus
⚔️ 23.7% · 🌾 76.3%
Unknown (2626) ×7 · Fishing Ship ×5 · Trade Cog ×1
Feudal
12:06
Castle
—
Imperial
—
| APM avg | 27.4 |
| APM peak | 54 |
| eAPM avg | 12.4 |
| Villagers / military | 29 / 0 |
Focus
⚔️ 15.3% · 🌾 84.7%
Fishing Ship ×5 · Unknown (2550) ×5
Feudal
10:29
Castle
15:56
Imperial
—
| APM avg | 51.3 |
| APM peak | 73 |
| eAPM avg | 26.9 |
| Villagers / military | 48 / 1 |
Focus
⚔️ 12.7% · 🌾 87.3%
Fishing Ship ×4 · Unknown (2626) ×3 · Fire Galley ×1
Match map
Initial resources + every placement click. Lines = walls · curves = elevation contours. ◆ gold · ⬟ stone · ● berries · ✦ relic · ◌ wall gap
Your base· ✓ Map-separated
Zutn's base· ✓ Map-separated
Tintenroller's base· ✓ Map-separated
825730607's base· ✓ Map-separated
Smoothed initial terrain · ◌ = detected wall gap · hover for details
Inputs per minute
— pascal sauvage - - Zutn
Build order — pascal sauvage
86 actions detected in the replay
| 0:01 | Build | House |
| 0:03 | Build | House |
| 0:03 | Create | Villager (Male) ×4 |
| 1:28 | Create | Villager (Male) |
| 1:55 | Build | Lumber Camp |
| 1:55 | Create | Villager (Male) |
| 2:15 | Create | Villager (Male) |
| 2:52 | Create | Villager (Male) |
| 3:18 | Create | Villager (Male) |
| 3:27 | Build | House |
| 3:40 | Create | Villager (Male) |
| 4:03 | Build | House |
| 4:15 | Create | Villager (Male) |
| 4:15 | Create | Villager (Male) |
| 4:36 | Create | Villager (Male) |
| 4:57 | Build | Dock |
| 5:05 | Create | Villager (Male) |
| 5:05 | Create | Villager (Male) |
| 5:44 | Create | Villager (Male) |
| 6:04 | Create | Fishing Ship |
| 6:04 | Create | Fishing Ship |
| 6:09 | Create | Villager (Male) |
| 6:10 | Create | Fishing Ship |
| 6:24 | Build | House |
| 6:35 | Build | House |
| 6:43 | Create | Villager (Male) |
| 6:44 | Create | Villager (Male) |
| 7:03 | Build | House |
| 7:13 | Build | House |
| 7:24 | Create | Villager (Male) |
| 7:34 | Create | Fishing Ship |
| 7:38 | Build | House |
| 7:39 | Build | Palisade Wall |
| 7:40 | Build | Palisade Wall |
| 7:55 | Create | Villager (Male) |
| 8:14 | Build | Palisade Wall |
| 8:16 | Build | Palisade Wall |
| 8:20 | Build | Palisade Wall |
| 8:27 | Research | Loom |
| 8:27 | Research | Loom |
| 8:52 | Research | Feudal Age |
| 8:52 | Research | Feudal Age |
| 9:07 | Build | Barracks |
| 9:16 | Create | Fishing Ship |
| 10:05 | Build | Mining Camp |
| 10:52 | Create | Villager (Male) |
| 10:52 | Create | Villager (Male) |
| 10:56 | Build | House |
| 11:06 | Age | Feudal Age |
| 11:08 | Build | Dock |
| 11:09 | Create | Galley |
| 11:14 | Create | Unit 2626 |
| 11:43 | Build | Stable |
| 11:55 | Create | Villager (Male) |
| 12:06 | Create | Unit 2626 |
| 12:18 | Create | Unit 2626 |
| 12:20 | Create | Villager (Male) |
| 12:27 | Research | Double-Bit Axe |
| 12:27 | Research | Double-Bit Axe |
| 12:42 | Create | Scout Cavalry |
| 12:43 | Create | Scout Cavalry |
| 12:46 | Create | Villager (Male) |
| 13:04 | Create | Villager (Male) |
| 13:16 | Create | Scout Cavalry |
| 13:48 | Create | Villager (Male) |
| 13:51 | Create | Unit 2626 |
| 14:02 | Build | Mill |
| 14:08 | Create | Unit 2626 |
| 14:11 | Create | Villager (Male) |
| 14:23 | Build | Blacksmith |
| 14:29 | Build | Mill |
| 14:37 | Create | Unit 2626 |
| 14:38 | Create | Villager (Male) |
| 14:56 | Create | Unit 2626 |
| 15:01 | Create | Villager (Male) |
| 15:06 | Build | House |
| 15:23 | Build | Farm |
| 15:23 | Build | Farm |
| 15:23 | Build | Farm |
| 15:23 | Build | Farm |
| 15:26 | Build | Farm |
| 15:29 | Create | Villager (Male) |
| 15:46 | Create | Scout Cavalry |
| 15:46 | Create | Scout Cavalry |
| 15:58 | Build | House |
| 15:59 | Create | Villager (Male) |
Build order — Zutn
66 actions detected in the replay
| 0:00 | Create | Villager (Male) |
| 0:01 | Create | Villager (Male) |
| 0:02 | Build | House |
| 0:03 | Build | House |
| 0:06 | Create | Villager (Male) |
| 0:06 | Create | Villager (Male) |
| 1:27 | Create | Villager (Male) |
| 1:45 | Build | Lumber Camp |
| 1:54 | Create | Villager (Male) |
| 2:16 | Build | House |
| 2:18 | Build | Palisade Wall |
| 2:19 | Build | Palisade Wall |
| 2:30 | Create | Villager (Male) |
| 2:53 | Create | Villager (Male) |
| 3:05 | Build | House |
| 3:40 | Create | Villager (Male) |
| 4:05 | Create | Villager (Male) |
| 4:27 | Create | Villager (Male) |
| 4:58 | Create | Villager (Male) |
| 5:01 | Build | Dock |
| 5:48 | Create | Villager (Male) |
| 6:30 | Create | Villager (Male) |
| 6:35 | Build | Mill |
| 6:37 | Create | Fishing Ship |
| 7:13 | Create | Villager (Male) |
| 7:13 | Create | Villager (Male) |
| 7:33 | Create | Fishing Ship |
| 7:33 | Create | Fishing Ship |
| 7:40 | Create | Villager (Male) |
| 8:24 | Create | Villager (Male) |
| 8:24 | Create | Villager (Male) |
| 8:31 | Build | House |
| 8:32 | Build | House |
| 8:38 | Create | Villager (Male) |
| 9:23 | Research | Loom |
| 9:24 | Create | Villager (Male) |
| 9:27 | Create | Fishing Ship |
| 9:50 | Create | Villager (Male) |
| 10:15 | Build | Mill |
| 10:27 | Research | Feudal Age |
| 10:49 | Build | Mining Camp |
| 11:13 | Build | Lumber Camp |
| 12:25 | Create | Villager (Male) |
| 12:25 | Create | Villager (Male) |
| 12:42 | Build | Dock |
| 12:48 | Age | Feudal Age |
| 12:51 | Create | Unit 2626 |
| 12:55 | Research | Double-Bit Axe |
| 13:11 | Build | Palisade Wall |
| 13:20 | Create | Villager (Male) |
| 13:40 | Create | Unit 2626 |
| 13:54 | Build | Dock |
| 14:01 | Create | Unit 2626 |
| 14:04 | Create | Villager (Male) |
| 14:06 | Build | House |
| 14:07 | Build | House |
| 14:10 | Research | Wheelbarrow |
| 14:34 | Create | Unit 2626 |
| 14:51 | Create | Unit 2626 ×2 |
| 15:01 | Create | Unit 2626 |
| 15:05 | Create | Villager (Male) |
| 15:05 | Create | Villager (Male) |
| 15:10 | Build | House |
| 15:29 | Create | Fishing Ship |
| 15:29 | Create | Trade Cog |
| 15:38 | Build | Watch Tower |
Build order — Tintenroller
65 actions detected in the replay
| 0:01 | Create | Villager (Male) |
| 0:01 | Create | Villager (Male) |
| 0:02 | Build | House |
| 0:03 | Build | House |
| 0:04 | Create | Villager (Male) |
| 0:04 | Create | Villager (Male) |
| 1:03 | Create | Villager (Male) |
| 1:42 | Build | Settlement |
| 1:54 | Create | Villager (Male) |
| 2:03 | Create | Villager (Male) |
| 2:35 | Create | Villager (Male) |
| 3:24 | Create | Villager (Male) |
| 3:45 | Create | Villager (Male) |
| 3:57 | Build | Dock |
| 4:17 | Create | Villager (Male) |
| 4:27 | Build | Outpost |
| 4:32 | Create | Villager (Male) |
| 4:55 | Create | Fishing Ship |
| 5:06 | Create | Villager (Male) |
| 5:28 | Create | Villager (Male) |
| 5:37 | Build | House |
| 5:51 | Create | Villager (Male) |
| 5:54 | Create | Fishing Ship |
| 6:36 | Create | Villager (Male) |
| 6:40 | Create | Villager (Male) |
| 6:41 | Create | Villager (Male) |
| 7:19 | Create | Villager (Male) |
| 7:20 | Build | House |
| 7:32 | Create | Fishing Ship |
| 7:34 | Create | Fishing Ship |
| 7:58 | Create | Villager (Male) |
| 8:15 | Create | Villager (Male) |
| 8:27 | Create | Villager (Male) |
| 8:31 | Build | House |
| 8:37 | Build | Settlement |
| 9:13 | Create | Fishing Ship |
| 9:16 | Research | Feudal Age |
| 9:18 | Research | Loom |
| 9:20 | Research | Feudal Age |
| 10:11 | Build | Barracks |
| 10:31 | Create | Villager (Male) |
| 10:37 | Build | House |
| 10:39 | Build | House |
| 11:02 | Create | Unit 2550 |
| 11:02 | Create | Unit 2550 |
| 11:18 | Build | House |
| 11:19 | Build | Palisade Wall |
| 11:45 | Create | Unit 2550 |
| 12:06 | Age | Feudal Age |
| 12:09 | Research | Tech 1402 |
| 12:14 | Research | Double-Bit Axe |
| 12:24 | Build | Blacksmith |
| 12:41 | Build | Watch Tower |
| 12:50 | Create | Villager (Male) |
| 12:55 | Research | Scale Mail Armor |
| 12:59 | Create | Unit 2550 |
| 13:08 | Build | House |
| 13:20 | Create | Villager (Male) |
| 13:31 | Create | Unit 2550 |
| 13:38 | Create | Villager (Male) |
| 14:02 | Build | Settlement |
| 14:20 | Create | Villager (Male) |
| 14:38 | Build | Market |
| 14:48 | Create | Villager (Male) |
| 15:12 | Create | Villager (Male) |
Build order — 825730607
94 actions detected in the replay
| 0:01 | Create | Villager (Male) |
| 0:01 | Create | Villager (Male) |
| 0:01 | Create | Villager (Male) |
| 0:03 | Build | House |
| 0:04 | Build | House |
| 0:14 | Create | Villager (Male) |
| 0:15 | Create | Villager (Male) |
| 0:15 | Create | Villager (Male) |
| 1:25 | Create | Villager (Male) |
| 1:25 | Create | Villager (Male) |
| 1:25 | Create | Villager (Male) |
| 2:02 | Create | Villager (Male) |
| 2:02 | Create | Villager (Male) |
| 2:03 | Create | Villager (Male) |
| 2:20 | Build | Lumber Camp |
| 2:21 | Create | Villager (Male) |
| 2:22 | Create | Villager (Male) |
| 2:22 | Create | Villager (Male) |
| 2:35 | Create | Villager (Male) |
| 2:35 | Create | Villager (Male) |
| 2:35 | Create | Villager (Male) |
| 3:04 | Build | House |
| 3:15 | Create | Villager (Male) |
| 3:15 | Create | Villager (Male) |
| 3:16 | Create | Villager (Male) |
| 3:41 | Create | Villager (Male) |
| 3:41 | Create | Villager (Male) |
| 3:41 | Create | Villager (Male) |
| 3:59 | Create | Villager (Male) |
| 3:59 | Create | Villager (Male) |
| 3:59 | Create | Villager (Male) |
| 4:28 | Create | Villager (Male) |
| 4:28 | Create | Villager (Male) |
| 4:29 | Create | Villager (Male) |
| 4:29 | Create | Villager (Male) |
| 4:57 | Build | Dock |
| 5:10 | Create | Villager (Male) |
| 5:37 | Create | Fishing Ship |
| 5:37 | Create | Fishing Ship |
| 5:41 | Build | House |
| 5:52 | Create | Villager (Male) |
| 5:53 | Create | Villager (Male) |
| 5:53 | Create | Villager (Male) |
| 6:16 | Create | Villager (Male) |
| 6:24 | Build | House |
| 6:30 | Create | Fishing Ship |
| 6:47 | Create | Villager (Male) |
| 7:05 | Create | Villager (Male) |
| 7:11 | Build | Palisade Wall |
| 7:14 | Create | Villager (Male) |
| 7:25 | Build | Mining Camp |
| 7:33 | Research | Loom |
| 7:44 | Build | Palisade Wall |
| 7:56 | Create | Villager (Male) |
| 8:15 | Create | Villager (Male) |
| 8:19 | Research | Feudal Age |
| 8:19 | Research | Feudal Age |
| 8:30 | Create | Villager (Male) |
| 8:35 | Create | Fishing Ship |
| 8:48 | Build | House |
| 8:53 | Build | Palisade Wall |
| 8:56 | Build | Palisade Wall |
| 9:26 | Build | Lumber Camp |
| 9:58 | Build | Palisade Gate |
| 10:15 | Create | Villager (Male) |
| 10:27 | Create | Villager (Male) |
| 10:29 | Age | Feudal Age |
| 10:36 | Build | Blacksmith |
| 10:39 | Create | Villager (Male) |
| 11:21 | Build | Mill |
| 11:24 | Create | Villager (Male) |
| 11:29 | Build | House |
| 11:56 | Build | Market |
| 12:17 | Create | Villager (Male) |
| 13:16 | Research | Castle Age |
| 13:16 | Research | Castle Age |
| 13:23 | Build | Dock |
| 13:39 | Build | House |
| 13:45 | Build | Mining Camp |
| 14:17 | Build | House |
| 14:38 | Create | Unit 2626 |
| 14:41 | Create | Unit 2626 |
| 14:42 | Create | Villager (Male) |
| 14:45 | Research | Gold Mining |
| 14:46 | Research | Gold Mining |
| 15:05 | Create | Unit 2626 |
| 15:26 | Build | House |
| 15:30 | Build | Palisade Wall |
| 15:35 | Build | House |
| 15:38 | Build | Palisade Wall |
| 15:45 | Create | Fire Galley |
| 15:53 | Build | House |
| 15:56 | Age | Castle Age |
| 15:59 | Build | House |
Match timeline
| 2:18 | Zutn · wall_segment Palisade Wall x1 |
| 2:19 | Zutn · wall_segment Palisade Wall x1 |
| 3:57 | Tintenroller · first_building Dock |
| 4:57 | 825730607 · first_building Dock |
| 4:57 | pascal sauvage · first_building Dock |
| 5:01 | Zutn · first_building Dock |
| 7:11 | 825730607 · wall_segment Palisade Wall x1 |
| 7:39 | pascal sauvage · wall_segment Palisade Wall x7 |
| 7:40 | pascal sauvage · wall_segment Palisade Wall x1 |
| 7:44 | 825730607 · wall_segment Palisade Wall x5 |
| 8:14 | pascal sauvage · wall_segment Palisade Wall x2 |
| 8:16 | pascal sauvage · wall_segment Palisade Wall x3 |
| 8:20 | pascal sauvage · wall_segment Palisade Wall x3 |
| 8:53 | 825730607 · wall_segment Palisade Wall x1 |
| 8:56 | 825730607 · wall_segment Palisade Wall x7 |
| 9:07 | pascal sauvage · first_building Barracks |
| 10:11 | Tintenroller · first_building Barracks |
| 10:29 | 825730607 · age_up feudal |
| 11:06 | pascal sauvage · age_up feudal |
| 11:19 | Tintenroller · wall_segment Palisade Wall x1 |
| 11:43 | pascal sauvage · first_building Stable |
| 12:06 | Tintenroller · age_up feudal |
| 12:48 | Zutn · age_up feudal |
| 13:11 | Zutn · wall_segment Palisade Wall x1 |
| 15:30 | 825730607 · wall_segment Palisade Wall x1 |
| 15:38 | 825730607 · wall_segment Palisade Wall x1 |
| 15:55 | Zutn · resign |
| 15:56 | 825730607 · age_up castle |
[ AI ANALYSIS · 1 CREDIT ]
What really happened in this match?
Wolo.gg analyzes every decision: build order, eco, micro, common mistakes by bracket. Personalized analysis on WhatsApp or Discord in 30 seconds.
Civ guide
Franks
Perfil
Jugador #249261